 Dungeon Crawl Stone Soup version 0.27-a0-1123-g2f9bb313c0 (webtiles) character file.

Game seed: 5792389480089286789

1979 RemovedPizza the Cleaver (level 9, -2/79 HPs)
             Began as a Hill Orc Fighter on May 4, 2021.
             Was a Follower of Beogh.
             Succumbed to an orc wizard's poison
             ... on level 6 of the Dungeon.
             The game lasted 00:08:45 (5405 turns).

RemovedPizza the Cleaver (Hill Orc Fighter)         Turns: 5405, Time: 00:08:45

Health: -2/79      AC:  8    Str: 22    XL:     9   Next: 20%
Magic:  8/8        EV:  9    Int: 10    God:    Beogh [*.....]
Gold:   96         SH:  9    Dex:  8    Spells: 6/8 levels left

rFire    + . .     SeeInvis .   f - +2 war axe (vorpal)
rCold    . . .     Faith    .   c - +0 kite shield
rNeg     . . .     Spirit   .   x - +2 leather armour of Duck's Teeth {rF+ rCorr Dex-2 Slay+2}
rPois    .         Reflect  .   B - +1 helmet
rElec    .         Harm     .   (no cloak)
rCorr    +         Rampage  .   (no gloves)
Will     .....                  v - +0 pair of boots
Stlth    +.........             (no amulet)
HPRegen  0.23/turn              u - +4 ring of slaying
MPRegen  0.11/turn              (no ring)

@: mighty, lethally poisoned (-2 -> -15), attractive
A: clever 1, low mp 1, passive freeze
a: Renounce Religion


You were on level 6 of the Dungeon.
You worshipped Beogh.
Beogh was aware of your devotion.
You visited 1 branch of the dungeon, and saw 6 of its levels.

You collected 195 gold pieces.
You spent 99 gold pieces at shops.

Inventory:

Hand Weapons
 a - a +0 war axe
 f - a +2 vorpal war axe (weapon)
 p - a +0 trident
 F - the +4 whip of the Thing {vorpal, Will+ Int+5 Stlth-}
   (You found it on level 5 of the Dungeon)

   It inflicts extra damage upon your enemies.
   It affects your intelligence (+5).
   It increases your willpower.
   It makes you less stealthy.
 G - a +1 flail of protection
Missiles
 h - 54 sling bullets
 i - 140 stones (quivered)
 j - 11 boomerangs
Armour
 b - a +0 scale mail
 c - a +0 kite shield (worn)
 g - a +0 chain mail
 q - a +0 leather armour
 v - a +0 pair of boots (worn)
 x - the +2 leather armour of Duck's Teeth (worn) {rF+ rCorr Dex-2 Slay+2}
   (You found it on level 4 of the Dungeon)

   It affects your dexterity (-2).
   It affects your accuracy and damage with ranged weapons and melee attacks
   (+2).
   It protects you from fire.
   It protects you from acid and corrosion.
 B - a +1 helmet (worn)
Jewellery
 u - a +4 ring of slaying (left hand)
 E - a ring of protection from cold
Wands
 r - a wand of digging (6)
 w - a wand of flame (18)
Scrolls
 e - 2 scrolls of identify
 n - a scroll of amnesia {unknown}
 o - a scroll of teleportation {unknown}
 t - a scroll of fog {unknown}
 y - a scroll of brand weapon {unknown}
 A - a scroll of fear {unknown}
 C - a scroll of silence {unknown}
Potions
 d - a potion of might
 l - 3 potions of magic
 m - a potion of resistance
 z - a potion of flight {unknown}
 D - a potion of curing {unknown}


   Skills:
 + Level 7.2 Fighting
 + Level 13.0 Axes
 + Level 3.5 Armour
 * Level 4.2 Shields


You had 6 spell levels left.
You knew the following spells:

 Your Spells              Type           Power      Damage    Failure   Level
a - Beastly Appendage     Tmut           0%         N/A       87%         1
b - Shock                 Conj/Air       0%         1d3       87%         1

Your spell library contained the following spells:

 Spells                   Type           Power      Damage    Failure   Level
 Sting                    Tmut/Pois      0%         1d3       87%         1
 Corpse Rot               Necr/Air       N/A        N/A       95%         2
 Poisonous Vapours        Pois/Air       0%         N/A       95%         2
 Static Discharge         Conj/Air       0%         N/A       95%         2
 Ignite Poison            Fire/Tmut/Pois 0%         N/A       99%         3
 Mephitic Cloud           Conj/Pois/Air  0%         N/A       99%         3
 Swiftness                Air            0%         N/A       99%         3
 Airstrike                Air            0%         N/A       100%        4
 Ice Form                 Ice/Tmut       0%         N/A       100%        4
 Olgreb's Toxic Radiance  Pois           0%         N/A       100%        4
 Lightning Bolt           Conj/Air       0%         1d11      100%        5
 Freezing Cloud           Conj/Ice/Air   0%         6-21      100%        6


Dungeon Overview and Level Annotations

Branches:
Dungeon (6/15)             Temple (0/1) D:6

Altars:

Shops:
D:3 **   D:6 =

Annotations:
D:3 2 transporters, eooof's ghost, weakling FoEE
D:5 Duvessa


Innate Abilities, Weirdness & Mutations

Your mind is acute. (Int +2)
Your magical capacity is low. (-10% MP)
A frigid envelope surrounds you and freezes all who hurt you.


Message History

You are lethally poisoned!
The scorpion closely misses you.
Unknown command.
Unknown command.
You feel very mighty all of a sudden.
* * * LOW HITPOINT WARNING * * *
You feel very sick. You block the orc wizard's attack.
The scorpion barely misses you. The orc wizard closely misses you.
You slash the orc warrior!
The orc warrior is severely wounded.
You hit the scorpion. You slash the orc wizard! x2
You kill the orc wizard!
Beogh accepts your kill.
* * * LOW HITPOINT WARNING * * *
You feel very sick. You block the scorpion's attack.
The orc wizard gestures at you while chanting.
The puff of flame hits you. You resist.
* * * LOW HITPOINT WARNING * * *
Unknown command.
Unknown command.
You slash the orc wizard!
You kill the orc wizard!
Beogh accepts your kill.
You slash something! You completely miss the orc warrior. You hit the scorpion.
* * * LOW HITPOINT WARNING * * *
You feel very sick. The scorpion barely misses you.
The orc warrior hits you with a +0 war axe!
* * * LOW HITPOINT WARNING * * *
Something hits you.
* * * LOW HITPOINT WARNING * * *
Your Axes skill increases to level 13!
Unknown command.
Unknown command.
Unknown command.
It was a potion of mutation.
You feel extremely strange.
Your skin feels very cold.
You feel less energetic.
You feel clever.
You die...

##.........##.##
#######..#######.##.#
.............###.##.#
##...#...#...#...##.## .
#.. #.⌠.#...#...##...
..##?###...###.#..#.#...
...............#.####...
#.#...so)>..⌠...## #...
#...)@..(......####.##
#..###...###.##.#.#...
#.. #.⌠.#.......##... #.
#...#...##.###... .
........#.#.##.## ##
....#.....###.##
###.####.## #..#
##.####.####...
...........####


You could see an orc warrior and a scorpion.

Vanquished Creatures
  Prince Ribbit (D:5)
  Sigmund (D:3)
  A steam dragon (D:6)
  A water moccasin (D:6)
  A sky beast (D:6)
  A hornet zombie (D:6)
  3 ogres
  A centaur (D:6)
  4 scorpions
  Dowan (D:5)
  3 wights (D:6)
  2 bullfrog zombies (D:6)
  2 hounds
  2 bullfrog skeletons (D:6)
  A gnoll shaman (D:6)
  Natasha (twice) (D:2)
  2 orc wizards (D:6)
  3 gnolls (D:6)
  6 adders
  A worm (D:3)
  6 orcs
  2 ball pythons
  4 bats
  7 endoplasms
  2 giant cockroaches
  7 goblins
  5 hobgoblins
  8 jackals (D:2)
  5 quokkas
  A frilled lizard (D:1)
  8 kobolds
  5 rats
99 creatures vanquished.

Vanquished Creatures (others)
  5 plants (D:4)
5 creatures vanquished.

Grand Total: 104 creatures vanquished

Notes
Turn   | Place    | Note
-------+----------+-------------------------------------------
     0 | D:1      | RemovedPizza the Hill Orc Fighter began the quest for the
                  | Orb.
     0 | D:1      | Reached XP level 1. HP: 19/19 MP: 1/1
   478 | D:1      | Reached XP level 2. HP: 19/27 MP: 2/2
   581 | D:1      | Reached skill level 3 in Axes
   596 | D:1      | Found a faded altar of an unknown god.
  1544 | D:2      | Reached XP level 3. HP: 30/33 MP: 3/3
  1545 | D:2      | Reached skill level 4 in Axes
  1612 | D:2      | Noticed Natasha
  1620 | D:2      | Killed Natasha
  1689 | D:2      | Reached skill level 5 in Axes
  1689 | D:2      | Reached XP level 4. HP: 33/40 MP: 4/4
  1804 | D:2      | Noticed Natasha
  1822 | D:2      | Killed Natasha
  2109 | D:2      | Reached skill level 6 in Axes
  2109 | D:2      | Reached XP level 5. HP: 43/46 MP: 5/5
  2419 | D:3      | Identified the Disquisition on Weightlessness and Changing
  2599 | D:3      | Noticed Sigmund
  2608 | D:3      | Killed Sigmund
  2609 | D:3      | Reached skill level 7 in Axes
  2609 | D:3      | Reached XP level 6. HP: 47/55 MP: 6/6
  2805 | D:3      | Found Loesen's Assorted Antiques.
  2810 | D:3      | Found a transporter.
  2919 | D:3      | Found a transporter.
  2922 | D:3      | Noticed eooof's ghost (weakling FoEE)
  3061 | D:3      | Found Wootub's Assorted Antiques.
  3256 | D:3      | Bought a pair of boots for 99 gold pieces
  3322 | D:4      | Reached skill level 5 in Fighting
  3322 | D:4      | Reached skill level 8 in Axes
  3402 | D:4      | Identified the +2 leather armour of Duck's Teeth {rF+ rCorr
                  | Dex-2 Slay+2}
  3497 | D:4      | Reached XP level 7. HP: 59/61 MP: 7/7
  3639 | D:4      | Became a worshipper of Beogh the Brigand
  3739 | D:4      | Reached skill level 9 in Axes
  3900 | D:4      | Learned a level 1 spell: Beastly Appendage
  3902 | D:4      | Learned a level 1 spell: Shock
  4044 | D:5      | Entered Level 5 of the Dungeon
  4154 | D:5      | Identified the +4 whip of the Thing {vorpal, Will+ Int+5
                  | Stlth-}
  4174 | D:5      | Noticed Prince Ribbit
  4183 | D:5      | Killed Prince Ribbit
  4184 | D:5      | Reached skill level 10 in Axes
  4184 | D:5      | Reached XP level 8. HP: 47/70 MP: 8/8
  4311 | D:5      | Noticed Dowan
  4312 | D:5      | Noticed Duvessa
  4326 | D:5      | Killed Dowan
  4388 | D:6      | Reached skill level 11 in Axes
  4619 | D:6      | Reached skill level 12 in Axes
  4876 | D:6      | Reached XP level 9. HP: 51/79 MP: 9/9
  5039 | D:6      | Reached * piety under Beogh
  5069 | D:6      | Found Peyso's Jewellery Shop.
  5366 | D:6      | Found a staircase to the Ecumenical Temple.
  5404 | D:6      | HP: 1/79 [something (3)]
  5405 | D:6      | Reached skill level 13 in Axes
  5405 | D:6      | Gained mutation: A frigid envelope surrounds you and
                  | freezes all who hurt you. [potion of mutation]
  5405 | D:6      | Gained mutation: Your magical capacity is low. (-10% MP)
                  | [potion of mutation]
  5405 | D:6      | Gained mutation: Your mind is acute. (Int +2) [potion of
                  | mutation]
  5405 | D:6      | Succumbed to an orc wizard's poison

Illustrated notes

Levels and vault maps discovered:
D:1:      eino_arrival_cavern_c, layout_basic, ebering_ecumenical_altar_ruins
D:2:      layout_rooms, uniq_natasha
D:3:      layout_loops_ring, gammafunk_ghost_mausoleum, serial_shops,
          nicolae_shop_stone, shop, uniq_sigmund
D:4:      layout_cave_pools, serial_bayou_pond_a
D:5:      layout_gridville, uniq_eustachio, uniq_duvessa, uniq_prince_ribbit1
D:6:      minmay_recursive_quarters, layout_loops_cross,
          minmay_temple_entry_junction_2, serial_shops, nicolae_shop_waterfront

Skill      XL: |  1  2  3  4  5  6  7  8  9 |
---------------+----------------------------+-----
Axes           | 3 5 6 7 8 10 12 13 | 13.0
Fighting       | 4 5 6 7 |  7.2
Shields        | 4 |  4.2
Armour         | |  3.5

Action                   |  1- 3 |  4- 6 |  7- 9 || total
-------------------------+-------+-------+-------++-------
Melee: War axe           |    61 |    97 |    95 ||   253
Invok: Convert to Beogh  |       |       |     1 ||     1
Evoke: Wand              |       |       |     1 ||     1
  Use: Potion            |       |     1 |     4 ||     5
       Scroll            |       |       |     1 ||     1
Armor: Scale mail        |    17 |    19 |       ||    36
       Chain mail        |       |    16 |       ||    16
       Leather armour    |       |     2 |    18 ||    20
Dodge: Dodged            |    15 |    27 |    39 ||    81
Block: Kite shield       |    34 |    43 |    41 ||   118

Table legend: (Time is in decaauts)
 A = Elapsed time spent in this place.
 B = Non-inter-level travel time spent in this place.
 C = Inter-level travel time spent in this place.
 D = Time resting spent in this place.
 E = Time spent auto-exploring this place.
 F = Levels seen in this place.
 G = Mean time per level.
                   A        B        C        D        E       F      G
               +--------+--------+--------+--------+--------+-----+--------+
         Total |   5501 |   5285 |    216 |    472 |   3922 |   6 |  916.8 |
       Dungeon |   5501 |   5285 |    216 |    472 |   3922 |   6 |  916.8 |
               +--------+--------+--------+--------+--------+-----+--------+

Top non-repeatable levels by time:
     D:1: 1569 daAuts
     D:6: 1052 daAuts
     D:3: 1017 daAuts
     D:4: 771 daAuts
     D:2: 769 daAuts
     D:5: 320 daAuts
